 Dungeon Crawl Stone Soup version 0.29.0-5-ge4962eb29e (webtiles) character file.

Game seed: 4010814463366719520

101 concernfroge the Trooper (level 4, -1/38 HPs)
             Began as a Mummy Monk on Aug 28, 2022.
             Killed from afar by an orc wizard (4 damage)
             ... with a magic dart
             ... on level 4 of the Dungeon.
             The game lasted 00:06:12 (1918 turns).

concernfroge the Trooper (Mummy Monk)               Turns: 1918, Time: 00:06:14

Health: -1/38      AC:  7    Str: 16    XL:     4   Next: 48%
Magic:  4/4        EV: 11    Int:  9    God:
Gold:   73         SH:  0    Dex: 14    Spells: 3/3 levels left

rFire   x . .      SeeInvis .   i - +0 great sword
rCold   + . .      Faith    .   (shield currently unavailable)
rNeg    + + +      Spirit   .   d - +0 ring mail
rPois   ∞          Reflect  .   (no helmet)
rElec   .          Harm     .   (no cloak)
rCorr   .          Rampage  .   g - +1 pair of gloves
Will    .....                   (no boots)
Stlth   +.........              (no amulet)
HPRegen 0.12/turn               (no ring)
MPRegen 0.09/turn               (no ring)

@: no status effects
A: cold resistance 1, negative energy resistance 3, torment resistance 2, heat
vulnerability 1, in touch with death 1, no potions
a: no special abilities


You were on level 4 of the Dungeon.
You visited 1 branch of the dungeon, and saw 4 of its levels.

You collected 73 gold pieces.

Inventory:

Hand Weapons
 i - a +0 great sword (weapon)
Missiles
 b - 5 boomerangs (quivered)
Armour
 d - a +0 ring mail (worn)
 g - a +1 pair of gloves (worn)


   Skills:
 - Level 4.4 Fighting
 + Level 2.1 Long Blades
 - Level 2.4 Polearms
 - Level 2.4 Dodging
 - Level 1.5 Stealth


You had 3 spell levels left.
You didn't know any spells.
Your spell library contained the following spells:

 Spells                   Type           Power      Damage    Failure   Level
 Stone Arrow              Conj/Erth      0%         3d7       93%         3
 Animate Armour           Summ/Erth      0%         N/A       100%        4
 Passage of Golubria      Tloc           0%         N/A       100%        4
 Silence                  Hex/Air        0%         N/A       100%        5
 Lehudib's Crystal Spear  Conj/Erth      0%         10d2      100%        8


Dungeon Overview and Level Annotations

Branches:
Dungeon (4/15)
 Temple: D:4-7

Altars:

Annotations:
D:2 Sigmund


Innate Abilities, Weirdness & Mutations

You are immune to poison.
Your flesh is cold resistant. (rC+)
You are immune to negative energy. (rN+++)
You are immune to unholy pain and torment.
You are vulnerable to heat. (rF-)
You are in touch with the powers of death.
You do not drink.


Message History

* * * LOW HITPOINT WARNING * * *
The orc closely misses you.
You aren't carrying any scrolls.
You barely miss the orc. The orc misses you.
The orc hits you but does no damage.
You slash the orc!
You kill the orc!
You hear a splash. x2
The orc closely misses you. The orc hits you but does no damage.
You slash the orc!
You kill the orc!
There is an open door, spattered with blood here.
Things that are here:
a +0 morningstar; an orc corpse
There is an open door, spattered with blood here.
Things that are here:
a +0 morningstar; an orc corpse
a - a +0 morningstar You drop a +0 morningstar.
You hear a splashing noise.
An orc wizard comes into view. It is wielding a +0 dagger.
You are too injured to fight recklessly!
Throw: 5 boomerangs
Press: ? - help, Q - select action Shift-Dir - straight line, f - orc wizard
Aim: an orc wizard, wielding a +0 dagger and wearing a +0 robe (wandering, hasn't noticed you, 53% to hit)
You throw a boomerang. The boomerang hits the orc wizard.
The orc wizard is lightly wounded.
You barely miss the orc wizard.
The orc wizard is lightly wounded.
The orc wizard points at you and mumbles some strange words.
The puff of flame hits you! The fire burns you terribly!
* * * LOW HITPOINT WARNING * * *
You closely miss the orc wizard.
The orc wizard is lightly wounded.
The orc wizard gestures at you while chanting.
The magic dart hits you.
* * * LOW HITPOINT WARNING * * *
The orc wizard casts a spell at you. The magic dart hits you.
You die...

######
###########.....#~
........#...~~..P~
........@o<♣
.####...##)~~~~.~P
#####~~~P~≈.~~
~P~~~≈P.~~
♣P~~≈~≈~.~P
~~~≈≈≈≈~.~~
♣♣PP~≈≈≈~.~~
♣PP~≈≈≈≈.≈P


You could see an orc wizard.

Vanquished Creatures
  An orc priest (D:4)
  A gnoll (D:4)
  A dart slug (D:3)
  3 orcs (D:4)
  5 ball pythons
  6 endoplasms
  4 giant cockroaches (D:1)
  3 goblins (D:1)
  3 hobgoblins
  6 kobolds
  4 quokkas
  4 bats
  2 frilled lizards
  8 rats
51 creatures vanquished.

Vanquished Creatures (collateral kills)
  A bat (D:2)
1 creature vanquished.

Vanquished Creatures (others)
  A goblin (D:2)
  4 plants (D:4)
5 creatures vanquished.

Grand Total: 57 creatures vanquished

Notes
Turn   | Place    | Note
-------+----------+-------------------------------------------
     0 | D:1      | concernfroge the Mummy Monk began the quest for the Orb.
     0 | D:1      | Reached XP level 1. HP: 18/18 MP: 1/1
   224 | D:1      | Reached XP level 2. HP: 24/24 MP: 2/2
   595 | D:1      | Reached skill level 4 in Fighting
   734 | D:1      | Gained mutation: You are in touch with the powers of death.
                  | [Mummy growth]
   734 | D:1      | Reached XP level 3. HP: 30/30 MP: 3/3
   953 | D:2      | Found a faded altar of an unknown god.
  1216 | D:2      | Noticed Sigmund
  1701 | D:3      | Reached skill level 1 in Long Blades
  1835 | D:4      | Reached XP level 4. HP: 30/38 MP: 4/4
  1918 | D:4      | Killed from afar by an orc wizard

Illustrated notes

Levels and vault maps discovered:
D:1:      mrwooster_arrival_arrow, layout_basic
D:2:      layout_rooms, hellmonk_ecumenical_altar_pennies_from_heaven,
          uniq_sigmund
D:3:      layout_basic
D:4:      layout_gridville, minmay_temple_entry_mist, serial_bayou,
          serial_bayou_lagoon_b, serial_bayou_lagoon_a, serial_bayou_shore_b,
          serial_bayou_pond_d, serial_bayou_lake_a

Skill      XL: |  1  2  3 |
---------------+----------+-----
Fighting       | 4 |  4.4
Long Blades    | 2 |  2.1
Polearms       | |  2.4
Dodging        | |  2.4
Stealth        | |  1.5

Action                   |  1- 3 |  4- 6 || total
-------------------------+-------+-------++-------
Melee: Short sword       |    37 |       ||    37
       Spear             |     9 |       ||     9
       Great sword       |    47 |    10 ||    57
Throw: Boomerang         |    49 |     1 ||    50
  Use: Scroll            |     4 |       ||     4
 Stab: Sleeping          |     2 |       ||     2
Armor: Ring mail         |    49 |     4 ||    53
       Robe              |     1 |       ||     1
Dodge: Dodged            |    90 |     8 ||    98
